[Event "Late-Titled-Tuesday-Blitz-March-12-2024"]
[Site "Chess.com"]
[Date "2024.03.12"]
[Round "3"]
[White "JaloliddinIlkhomi"]
[Black "RuleOfTwo"]
[Result "0-1"]
[WhiteElo "2644"]
[BlackElo "2483"]
[TimeControl "180+1"]
[EndTime "14:27:24 PDT"]
[Termination "RuleOfTwo won on time"]

1. Nf3 d5 2. d4 Nf6 3. Bf4 e6 4. e3 c5 5. c3 Bd6 6. Bg3 Nc6 7. Nbd2 O-O 8. Ne5 Ne7 9. Bd3 b6 10. f4 Bb7 11. Qb1 Qc8 12. Bh4 Nf5 13. Bxf6 gxf6 14.
Ng4 Kh8 15. Nxf6 Nxe3 16. Bxh7 Nxg2+ 17. Kd1 Bxf4 18. Rg1 Ne3+ 19. Kc1 cxd4 20. Bg8 Nf5 21. Qd3 Be3 22. Rg3 Ba6 23. Qc2 dxc3 24. bxc3 d4 25. c4 Bxc4 26. Rxe3 dxe3 27. Nxc4 Rxg8 28. Nxg8 Qxg8 29.
Nxe3 Nxe3 30. Qc3+ Qg7 31. Qxe3 Qxa1+ 32. Kd2 Qxa2+ 33. Ke1 Qb1+ 34. Kf2 Qc2+ 35. Ke1 Qg6 0-1

[Event "Late-Titled-Tuesday-Blitz-March-12-2024"]
[Site "Chess.com"]
[Date "2024.03.12"]
[Round "3"]
[White "KaydenTroffChess"]
[Black "DanielNaroditsky"]
[Result "0-1"]
[WhiteElo "2815"]
[BlackElo "3090"]
[TimeControl "180+1"]
[EndTime "14:27:25 PDT"]
[Termination "DanielNaroditsky won on time"]

1. d4 Nf6 2. Nf3 d5 3. Bf4 Bf5 4. e3 e6 5. Bd3 Bg6 6. O-O Bd6 7.
Ne5 O-O 8. Nd2 c5 9. Ndf3 Ne4 10. c3 Bh5 11. dxc5 Nxc5 12. Be2 f6 13. Nd3 Nxd3 14. Qxd3 Nc6 15. Nd4 Bxe2 16. Nxe2 Qe7 17. Rad1 Rad8 18. Rfe1 Bc5 19. Bg3 e5 20. e4 dxe4 21. Qxe4 Rxd1 22.
Rxd1 Rd8 23. Rd5 Bb6 24. h3 Rxd5 25. Qxd5+ Qf7 26. Qxf7+ Kxf7 27. Kf1 Ke6 28. f3 Ne7 29. Bf2 Nd5 30. Bxb6 Nxb6 31. Ke1 Nc4 32. b3 Ne3 33. g4 f5 34. Kd2 Ng2 35. Kd3 g6 36.
c4 h5 37. gxh5 gxh5 38. b4 Ne1+ 39. Ke3 Nc2+ 40. Kd2 Nxb4 41. f4 Nxa2 42. Ke3 e4 0-1

[Event "Late-Titled-Tuesday-Blitz-March-12-2024"]
[Site "Chess.com"]
[Date "2024.03.12"]
[Round "3"]
[White "yosephtaher"]
[Black "oskariot"]
[Result "1/2-1/2"]
[WhiteElo "2977"]
[BlackElo "2765"]
[TimeControl "180+1"]
[EndTime "14:27:26 PDT"]
[Termination "Game drawn by repetition"]

1. d4 c5 2. d5 Nf6 3. Nc3 d6 4. e4 a6 5. a4 g6 6. h3 Bg7 7. Nf3 O-O 8. Bd3 e6 9. dxe6 Bxe6 10. O-O d5 11. e5 Nfd7 12. Re1 Nc6 13. Bf4 Re8 14. Bf1 Nf8 15. Qd2 Qd7 16. Bh6 Rad8 17. Bxg7 Kxg7 18. Qf4 Qe7 19. Rad1 h6 20.
h4 Nh7 21. Qg3 Nb4 22. Rd2 Bf5 23. h5 g5 24. Nh4 Be6 25. Nd1 d4 26. c3 dxc3 27.
Rxd8 Rxd8 28. bxc3 Nc2 29. Ne3 Nxe3 30. Rxe3 Rd1 31.
f4 Qd7 32. fxg5 Nxg5 33. Nf3 Bc4 34. Nxg5 Rxf1+ 35. Kh2 hxg5 36. Qxg5+ Kf8 37. h6 Qd1 38. Kg3 Be6 39. h7 Rh1 40. Qg8+ Ke7 41. h8=Q Rxh8 42.
Qxh8 Qg4+ 43. Kh2 Qf4+ 44. Rg3 Qxa4 45. Qf6+ Kd7 46. Rd3+ Kc6 47. Rd6+ Kb5 48. Rxe6 fxe6 49. Qxe6 Qh4+ 50. Kg1 Qe1+ 51. Kh2 Qh4+ 52. Kg1 Qe1+ 53. Kh2 Qh4+ 1/2-1/2

[Event "Late-Titled-Tuesday-Blitz-March-12-2024"]
[Site "Chess.com"]
[Date "2024.03.12"]
[Round "3"]
[White "IlyaGrigorjev"]
[Black "Smoking_Crow"]
[Result "1-0"]
[WhiteElo "2930"]
[BlackElo "2629"]
[TimeControl "180+1"]
[EndTime "14:27:26 PDT"]
[Termination "IlyaGrigorjev won by resignation"]

1. e4 e5 2. Nf3 Nc6 3. Bb5 Nf6 4. O-O Nxe4 5. Re1 Nd6 6. a4 a6 7. Nxe5 Be7 8. Bf1 Nxe5 9. Rxe5 O-O 10. d4 Ne8 11.
Nc3 Bf6 12. Re1 d5 13. Bf4 c6 14. a5 Nc7 15. Be5 Bf5 16. Na4 Ne6 17. Nb6 Bxe5 18. Rxe5 Bg6 19. Nxa8 Qxa8 20. c3 Qd8 21. Bd3 Qf6 22.
Bxg6 hxg6 23. Qb3 Qe7 24. Rae1 Qd7 25. g3 Re8 26. h4 Rf8 27. Qc2 Qc7 28. Rxe6 fxe6 29.
Qxg6 Rf6 30. Qe8+ Kh7 31. Rxe6 Rxe6 32. Qxe6 Qxa5 33. Qf5+ Kg8 34. Qc8+ Kh7 35. Qxb7 Qa4 36. Kg2 a5 37. b3 Qa3 38. h5 a4 39. bxa4 Qxc3 40.
Qb1+ Kh8 41. Qd1 c5 42. dxc5 Qxc5 43. Qa1 d4 44. a5 Qd5+ 45. Kg1 d3 46. a6 d2 47. Qd1 Qa2 48. a7 Qxa7 49. Qxd2 Qa5 50. Qxa5 1-0

[Event "Late-Titled-Tuesday-Blitz-March-12-2024"]
[Site "Chess.com"]
[Date "2024.03.12"]
[Round "3"]
[White "the_blue_pill"]
[Black "ahkashefi2800"]
[Result "1-0"]
[WhiteElo "2463"]
[BlackElo "2611"]
[TimeControl "180+1"]
[EndTime "14:27:26 PDT"]
[Termination "the_blue_pill won by checkmate"]

1. e4 c6 2. d4 d5 3. exd5 cxd5 4. c4 e6 5. Nf3 Nf6 6. Nc3 Bb4 7. cxd5 Nxd5 8.
Bd2 O-O 9. Bd3 Nf6 10. O-O b6 11. Bg5 Bxc3 12. bxc3 Bb7 13. Ne5 h6 14. Bh4 Qd5 15.
f3 Nbd7 16. Nxd7 Qxd7 17. Bxf6 gxf6 18. Qd2 Kg7 19. Qf4 Rg8 20. Qg4+ Kf8 21. Qh4 Ke7 22. Rae1 Qc7 23. c4 Rg5 24. d5 Rag8 25. Rf2 Qc5 26. Kf1 Qa3 27. Be4 Ba6 28. dxe6 Bxc4+ 29. Kg1 Bxe6 30. f4 Rg4 31. Qxh6 Qc5 32. f5 Qb4 33. Qe3 Bc4 34. Bf3+ Kf8 35. Bxg4 Rxg4 36. Qh6+ Kg8 37. Re8+ Qf8 38. Rxf8# 1-0

[Event "Late-Titled-Tuesday-Blitz-March-12-2024"]
[Site "Chess.com"]
[Date "2024.03.12"]
[Round "3"]
[White "WilsonPalencia21"]
[Black "Zapateado"]
[Result "0-1"]
[WhiteElo "2540"]
[BlackElo "2383"]
[TimeControl "180+1"]
[EndTime "14:27:26 PDT"]
[Termination "Zapateado won on time"]

1. d4 d5 2. c4 e5 3. dxe5 d4 4. Nf3 Nc6 5. g3 Nge7 6. Bg2 Ng6 7.
O-O Ngxe5 8. Nxe5 Nxe5 9. Qa4+ c6 10. Rd1 Be7 11. Be3 d3 12. exd3 Bg4 13. Re1 Nxd3 14. Nc3 Nxe1 15. Rxe1 O-O 16. h3 Be6 17. Ne4 b5 18. cxb5 cxb5 19. Qxb5 Rb8 20. Qe2 Qa5 21. b3 Rfd8 22. Kh2 h6 23. Rc1 Rbc8 24. Rxc8 Rxc8 25. Bd4 Qc7 26. Qh5 Qd7 27. Ba1 Rc1 28. Qe5 Bf8 29.
Bb2 Rb1 30. Bd4 Rd1 31. Bc3 Rd3 32. Bb2 Rd5 33. Nf6+ gxf6 34. Qxf6 Kh7 35. Be4+ Bf5 36. Qh8+ Kg6 37. Qg8+ Kh5 38. Qg4+ Bxg4 0-1

[Event "Late-Titled-Tuesday-Blitz-March-12-2024"]
[Site "Chess.com"]
[Date "2024.03.12"]
[Round "3"]
[White "yobdc"]
[Black "GoValya"]
[Result "1-0"]
[WhiteElo "2576"]
[BlackElo "2260"]
[TimeControl "180+1"]
[EndTime "14:27:27 PDT"]
[Termination "yobdc won by resignation"]

1. c4 Nf6 2. Nc3 g6 3. e4 c5 4.
e5 Ng8 5. Nf3 Bg7 6. d3 Nc6 7. Bf4 e6 8. h4 Nge7 9. h5 O-O 10. Ne4 Nf5 11. Qd2 Ncd4 12. Nxd4 Nxd4 13. O-O-O b5 14. Bg5 Qc7 15. Bf6 d5 16. exd6 Qd7 17.
Qg5 Nf5 18. Bxg7 Kxg7 19. Qf6+ Kg8 20. g4 Ng7 21. h6 Ne8 22. Qe7 f5 23. Nxc5 Qxe7 24.
dxe7 Rf7 25. gxf5 exf5 26. Bg2 Rb8 27. Bd5 Nd6 28. Rhe1 Ne8 29. cxb5 Rxb5 30. d4 Rb6 31. b3 Rd6 32. Bc4 a6 33. Kb2 Bd7 34. a4 Bc6 35. a5 Bd5 36. Bxd5 Rxd5 37. b4 Rd6 38. Kb3 Rff6 39. b5 Kf7 40. b6 Rc6 41. b7 Rxc5 42.
dxc5 1-0

[Event "Late-Titled-Tuesday-Blitz-March-12-2024"]
[Site "Chess.com"]
[Date "2024.03.12"]
[Round "3"]
[White "AlexandreHouhou"]
[Black "BeanScreen"]
[Result "0-1"]
[WhiteElo "2327"]
[BlackElo "2731"]
[TimeControl "180+1"]
[EndTime "14:27:27 PDT"]
[Termination "BeanScreen won on time"]

1. e4 e5 2. Nf3 Nc6 3. Bb5 f5 4. Qe2 fxe4 5. Qxe4 Nf6 6. Qe2 d6 7. d4 e4 8. d5 Nxd5 9. Qxe4+ Qe7 10. Qxe7+ Bxe7 11. O-O a6 12. Bc4 Ndb4 13. Bb3 Na5 14.
Na3 Nxb3 15. axb3 O-O 16. Bd2 Nc6 17. Rfe1 Bf6 18. Bc3 Bxc3 19. bxc3 Bf5 20. Nd4 Nxd4 21. cxd4 Rae8 22. f3 Kf7 23. Kf2 Rxe1 24. Rxe1 Re8 25.
Rxe8 Kxe8 26. Ke3 Ke7 27. h4 h6 28. Kf4 Kf6 29. c3 g5+ 30. hxg5+ hxg5+ 31. Ke3 b5 32. g3 c5 33. dxc5 dxc5 34. b4 Ke5 35. bxc5 Kd5 36. c6 Kxc6 37. Kd4 a5 38. f4 gxf4 39. gxf4 Bh7 40. Ke3 Kc5 41. Kd2 b4 42. cxb4+ axb4 43. Nc2 b3 44. Na3 Kb4 45. f5 Bxf5 0-1

[Event "Late-Titled-Tuesday-Blitz-March-12-2024"]
[Site "Chess.com"]
[Date "2024.03.12"]
[Round "3"]
[White "Payyappat"]
[Black "Gabcur"]
[Result "1-0"]
[WhiteElo "2555"]
[BlackElo "2305"]
[TimeControl "180+1"]
[EndTime "14:27:27 PDT"]
[Termination "Payyappat won by resignation"]

1. e4 e6 2. d4 d5 3. Nc3 Bb4 4. e5 Ne7 5. a3 Bxc3+ 6. bxc3 c5 7. Qg4 Kf8 8. Bd2 Qe8 9. h4 Qa4 10. Ra2 Nbc6 11. Nf3 b6 12. h5 h6 13. Qf4 cxd4 14. cxd4 Ba6 15. Bxa6 Qxa6 16. g4 Rc8 17. g5 Nf5 18. c3 Qd3 19. Ra1 Qe4+ 20. Qxe4 dxe4 21. Nh4 Nce7 22. Nxf5 Nxf5 23. Ke2 hxg5 24. Rag1 g6 25.
Rxg5 Rxh5 26. Rhxh5 gxh5 27. Rxh5 Kg7 28. Rg5+ Kf8 29. Rg4 Rc4 30. Rxe4 Ra4 31. Rf4 b5 32.
Kd3 Rxa3 33. d5 b4 34. d6 b3 35. Rb4 Ke8 36. Rb7 f6 37. f4 Ra5 38. c4 Ra3 39.
c5 b2+ 40. Kc2 fxe5 41. fxe5 Nd4+ 42. Kxb2 Ra6 43. d7+ 1-0

[Event "Late-Titled-Tuesday-Blitz-March-12-2024"]
[Site "Chess.com"]
[Date "2024.03.12"]
[Round "3"]
[White "Herman-NY"]
[Black "ChessBrainiacOnTwitch"]
[Result "0-1"]
[WhiteElo "2533"]
[BlackElo "2775"]
[TimeControl "180+1"]
[EndTime "14:27:28 PDT"]
[Termination "ChessBrainiacOnTwitch won on time"]

1. e4 c5 2. Nf3 d6 3. d4 cxd4 4. Nxd4 Nf6 5. Nc3 Nc6 6. Bc4 e6 7. Be3 Be7 8. Qe2 a6 9. O-O-O Qc7 10. Bb3 b5 11. g4 Bb7 12. g5 Nxd4 13. Bxd4 Nd7 14. f4 e5 15. Be3 exf4 16. Bxf4 Ne5 17. Nd5 Bxd5 18. Bxd5 Rc8 19. Kb1 O-O 20. Bxe5 dxe5 21.
h4 a5 22. Rh3 a4 23. Rf3 Kh8 24. Bxf7 Bc5 25. Rdf1 a3 26. h5 axb2 27. h6 g6 28.
Bb3 Qe7 29. Rxf8+ Rxf8 30. Rxf8+ Qxf8 31. Qxb5 Bd4 32. Qc4 Be3 33. Qb5 Bxg5 34. Qxe5+ Bf6 35. Qe6 Bc3 36. Qh3 Be5 37. a4 g5 38. a5 Qd8 39. Qd3 Qxa5 40. c3 Qa1+ 0-1

[Event "Late-Titled-Tuesday-Blitz-March-12-2024"]
[Site "Chess.com"]
[Date "2024.03.12"]
[Round "3"]
[White "Renatoforf"]
[Black "Mackster23"]
[Result "0-1"]
[WhiteElo "1585"]
[BlackElo "2569"]
[TimeControl "180+1"]
[EndTime "14:27:28 PDT"]
[Termination "Mackster23 won on time"]

1. e4 c5 2. Nf3 d6 3. d4 cxd4 4. Nxd4 Nf6 5. Nc3 a6 6. Bc4 e6 7.
a3 Be7 8. Ba2 O-O 9. O-O Nc6 10.
Be3 Bd7 11. f4 Rc8 12. f5 Nxd4 13. Bxd4 e5 14. Be3 Rxc3 15. bxc3 Nxe4 16. Qd3 Nf6 17. Kh1 Bc6 18. Bg5 Qa5 19. Rad1 Qxa3 20. Bxf6 Bxf6 21. Bd5 Rd8 22. c4 Qc5 23. h3 h6 24. Qe4 Rc8 25. Qf3 Be7 26. Qh5 Bxd5 27. cxd5 Qxc2 28. f6 Bxf6 29. Rxf6 gxf6 30. Rf1 Qg6 31.
Qh4 f5 32. Qe7 b5 33. Qd7 Rc2 34. g4 fxg4 35. Qxg4 Qxg4 36. hxg4 Rd2 37. Ra1 Rxd5 38. Rxa6 Rd4 39. Rb6 b4 40. Kh2 Kg7 41. Kg3 Kg6 42.
Kh4 h5 0-1

[Event "Late-Titled-Tuesday-Blitz-March-12-2024"]
[Site "Chess.com"]
[Date "2024.03.12"]
[Round "3"]
[White "MalyDominator"]
[Black "BlueWizzard"]
[Result "1/2-1/2"]
[WhiteElo "2562"]
[BlackElo "2878"]
[TimeControl "180+1"]
[EndTime "14:27:30 PDT"]
[Termination "Game drawn - insufficient material"]

1. e4 g6 2. d4 d5 3. Nc3 dxe4 4.
Nxe4 Bg7 5. c3 Nh6 6. Be2 Nf5 7. Nf3 Nd7 8. O-O O-O 9. h3 b6 10. Bf4 Bb7 11. Ng3 Nd6 12. Re1 c5 13. Qd2 cxd4 14. cxd4 Nf6 15. Bh6 Rc8 16. Rad1 Bd5 17. b3 Qc7 18. Rc1 Qb7 19. Qf4 Nde4 20. Nxe4 Bxe4 21.
Bxg7 Kxg7 22. Qe5 Rfd8 23. Rxc8 Rxc8 24. Ng5 h6 25. Nxe4 Qxe4 26. Qxe4 Nxe4 27. Bf3 Ng5 28.
Rxe7 a5 29. Bd5 b5 30. h4 Rd8 31. hxg5 Rxd5 32. gxh6+ Kxh6 33. Rxf7 Rxd4 34. Ra7 a4 35.
bxa4 bxa4 36. f3 Kg5 37. Kh2 Kf4 38. Rf7+ Ke5 39. Ra7 Kd5 40. Ra6 Kc5 41. Rxg6 Rd2 42. Kg3 Kb5 43. f4 Rxa2 44. f5 Ra1 45. Rg8 a3 46.
Kg4 Rg1 47. Ra8 Rxg2+ 48. Kh5 Rh2+ 49. Kg6 Kb4 50. f6 Rg2+ 51. Kf7 Rf2 52. Ke7 Re2+ 53.
Kf7 a2 54. Kg7 Rg2+ 55. Kf7 Kb3 56. Rxa2 Rxa2 57. Ke8 Ra8+ 58. Ke7 Ra7+ 59. Ke8 Kc4 60. f7 Ra8+ 61. Ke7 Ra7+ 62. Ke8 Kd5 63. f8=Q Ra8+ 64. Ke7 Rxf8 65. Kxf8 1/2-1/2

[Event "Late-Titled-Tuesday-Blitz-March-12-2024"]
[Site "Chess.com"]
[Date "2024.03.12"]
[Round "3"]
[White "DeArron_Fox"]
[Black "RianKapriaga"]
[Result "1-0"]
[WhiteElo "2548"]
[BlackElo "2300"]
[TimeControl "180+1"]
[EndTime "14:27:31 PDT"]
[Termination "DeArron_Fox won on time"]

1. d4 Nf6 2. c4 e6 3. Nf3 d5 4. Nc3 Be7 5. Bf4 O-O 6. e3 Nbd7 7. c5 b6 8. b4 a5 9. a3 Ne4 10. Nxe4 dxe4 11. Ne5 Nxe5 12. Bxe5 f6 13. Bg3 axb4 14.
axb4 Rxa1 15. Qxa1 bxc5 16. dxc5 e5 17. Bc4+ Kh8 18.
O-O Qd2 19. Qb1 Bg4 20. h3 Bh5 21. Ba6 Rb8 22. b5 Be2 23. Rc1 Bd3 24. Qa1 h6 25. Rd1 Qb4 26. b6 cxb6 27. cxb6 Bxa6 28. Qxa6 Qxb6 29. Qc4 Qb4 30. Qe6 Bf8 31. Kh2 Qb3 32.
Qd7 Qb7 33. Qf5 Qb3 34. Rd7 Qb4 35. Qg4 1-0

[Event "Late-Titled-Tuesday-Blitz-March-12-2024"]
[Site "Chess.com"]
[Date "2024.03.12"]
[Round "3"]
[White "mishanick"]
[Black "Zhigalko_Sergei"]
[Result "0-1"]
[WhiteElo "3100"]
[BlackElo "2861"]
[TimeControl "180+1"]
[EndTime "14:27:33 PDT"]
[Termination "Zhigalko_Sergei won by resignation"]

1. d4 Nf6 2. c4 e6 3. Nc3 Bb4 4. e3 O-O 5. Bd3 c5 6. Nf3 Nc6 7. O-O Bxc3 8. bxc3 d6 9. e4 e5 10. d5 Ne7 11. Nh4 h6 12. f4 Ng6 13. fxe5 Nxe5 14.
Nf3 Nxd3 15. Qxd3 Re8 16. Re1 Bg4 17. Bf4 Nh5 18. Bd2 Qf6 19. Rf1 Qg6 20. Rae1 Nf6 21.
Nh4 Qh5 22. Nf5 Bxf5 23. Rxf5 Qg6 24. Qf3 Re7 25. e5 Rae8 26. exf6 Rxe1+ 27. Bxe1 Rxe1+ 28. Kf2 Ra1 29. fxg7 Rxa2+ 30. Kg1 Rxg2+ 31. Qxg2 Qxf5 32. Qa2 a6 33. Qa5 Kxg7 34. Qc7 Qg4+ 35. Kf2 Qf4+ 36. Kg2 b5 37. Qb6 bxc4 38. Qxa6 Qd2+ 39. Kg1 Qxd5 40. Qa1 Qd3 41. Qe1 Qg6+ 42. Kh1 Qf6 43. Qg3+ Kh7 44. Qe3 Qf1+ 0-1

[Event "Late-Titled-Tuesday-Blitz-March-12-2024"]
[Site "Chess.com"]
[Date "2024.03.12"]
[Round "3"]
[White "Incognizance"]
[Black "IngOscarArdila"]
[Result "0-1"]
[WhiteElo "1832"]
[BlackElo "2348"]
[TimeControl "180+1"]
[EndTime "14:27:34 PDT"]
[Termination "IngOscarArdila won by checkmate"]

1. d4 Nf6 2. c4 e6 3. Nf3 Be7 4. Nc3 d6 5. Bg5 O-O 6. e3 h6 7.
Bh4 Nbd7 8. Be2 b6 9. O-O Bb7 10. Rc1 Ne4 11. Bxe7 Qxe7 12. Nxe4 Bxe4 13. Bd3 Nf6 14.
Bxe4 Nxe4 15. Nd2 f5 16. f3 Nf6 17. e4 Rad8 18. Qe2 Qf7 19. exf5 exf5 20. d5 Rde8 21. Qd3 Nd7 22. f4 Nc5 23. Qc2 Re2 24. Rce1 Rfe8 25.
Rxe2 Rxe2 26. Rf2 Re1+ 27. Rf1 Qe8 28. Rxe1 Qxe1+ 29. Nf1 Ne4 30. h3 Kf7 31. a4 a5 32.
b3 g6 33. g3 Nxg3 34. Qf2 Ne2+ 35. Kg2 Qxf2+ 36. Kxf2 Nxf4 37. Kg3 Ne2+ 38. Kf3 Nd4+ 39.
Kf4 Nxb3 40. Ng3 Kf6 41. h4 g5+ 42. hxg5+ hxg5+ 43. Kf3 Nd2+ 44. Ke2 Nxc4 45. Kd3 Nb2+ 46. Kc3 Nxa4+ 47. Kb3 Nc5+ 48. Kc4 f4 49. Nh5+ Kg6 50.
Nxf4+ gxf4 51. Kb5 f3 52. Kc6 f2 53. Kxc7 f1=Q 54. Kxd6 Qf6+ 55. Kc7 Qe7+ 56. Kxb6 Qd6+ 57. Kxa5 Qb8 58. d6 Nb3+ 59. Ka6 Qxd6+ 60. Kb7 Qd5+ 61. Kb6 Kf5 62. Ka6 Qc4+ 63. Ka7 Qb4 64. Ka6 Ke6 65. Ka7 Kd7 66. Ka8 Kc7 67. Ka7 Qb7# 0-1

[Event "Late-Titled-Tuesday-Blitz-March-12-2024"]
[Site "Chess.com"]
[Date "2024.03.12"]
[Round "3"]
[White "KuzubovYuriy"]
[Black "Zavgorodniy_Sergiy"]
[Result "1-0"]
[WhiteElo "2913"]
[BlackElo "2614"]
[TimeControl "180+1"]
[EndTime "14:27:35 PDT"]
[Termination "KuzubovYuriy won by checkmate"]

1. d4 d5 2. c4 dxc4 3. e4 Nf6 4. e5 Nd5 5. Bxc4 Nb6 6. Bd3 Nc6 7. Ne2 Nb4 8. Be4 N4d5 9. O-O Be6 10. Nd2 c6 11. Nb3 g6 12. Nc5 Qc8 13. a4 a5 14. Bd2 Bg7 15. Re1 O-O 16. Qb3 Ra7 17. Nxe6 Qxe6 18. Nc3 Rd8 19. Bf3 Nb4 20. Qxe6 fxe6 21.
Be4 Nc4 22. Bc1 Rxd4 23. f4 Ra8 24. b3 Nd2 25. Bxd2 Rxd2 26. Rad1 Rad8 27. h4 Kf7 28. g3 h6 29. Rxd2 Rxd2 30. Re2 Rxe2 31. Nxe2 g5 32. h5 gxf4 33. gxf4 b5 34. Kf2 Ke8 35. Ke3 Kd7 36. Nc1 Na6 37. Nd3 Bf8 38. Kd4 Kc7 39. Nc5 Nxc5 40. Kxc5 bxa4 41. bxa4 Kb7 42.
Bxc6+ Kc7 43. Be4 Bg7 44. Kb5 Bf8 45. Kxa5 Bg7 46. Kb5 Kb8 47. Kb6 Kc8 48. a5 Bxe5 49. fxe5 Kb8 50. a6 Kc8 51. a7 Kd7 52. Bc6+ Kd8 53. a8=Q# 1-0

[Event "Late-Titled-Tuesday-Blitz-March-12-2024"]
[Site "Chess.com"]
[Date "2024.03.12"]
[Round "3"]
[White "Kosak12"]
[Black "betta2004"]
[Result "1-0"]
[WhiteElo "2794"]
[BlackElo "2543"]
[TimeControl "180+1"]
[EndTime "14:27:36 PDT"]
[Termination "Kosak12 won by resignation"]

1. e4 e5 2. Nf3 Nf6 3. Nxe5 Nxe4 4. Qe2 Qe7 5. Qxe4 d6 6. d4 dxe5 7. dxe5 Nc6 8. Nc3 Qxe5 9. Qxe5+ Nxe5 10. Bf4 Bd6 11. Bg3 Bd7 12. O-O-O O-O-O 13. Ne4 Bc6 14. Nxd6+ cxd6 15. f3 h5 16. h4 f6 17. Be2 Rhe8 18.
Rhe1 Kc7 19. c3 a5 20. Kc2 a4 21. Bf1 b5 22. Bf2 Nc4 23. b3 Ne5 24. bxa4 bxa4 25.
Ra1 Rb8 26. Rab1 Bd7 27. Rb4 Bf5+ 28. Kd2 d5 29. a3 Kc6 30. Rc1 Red8 31. Bd4 Kc7 32.
Rxa4 Rb2+ 33. Ke3 Nc6 34. Kf4 Bd7 35. c4 Nxd4 36. cxd5+ Kd6 37. Rxd4 Ra8 38. Rc3 Re8 39. Re4 Rg8 40. Rb4 Rxb4+ 41. axb4 Rb8 42. b5 Kxd5 43. Rc7 Kd6 44. Ra7 g6 45. Ra6+ Ke7 46. b6 Rb7 47. Bd3 Be8 48. Be4 Rb8 49. b7 Bf7 50. Ra8 1-0

[Event "Late-Titled-Tuesday-Blitz-March-12-2024"]
[Site "Chess.com"]
[Date "2024.03.12"]
[Round "3"]
[White "picturesquecheck"]
[Black "Alexm42100"]
[Result "1/2-1/2"]
[WhiteElo "2401"]
[BlackElo "2117"]
[TimeControl "180+1"]
[EndTime "14:27:36 PDT"]
[Termination "Game drawn - insufficient material"]

1. e4 c6 2. d4 d5 3. exd5 cxd5 4.
Bd3 Nc6 5. c3 Qc7 6. Ne2 Bg4 7.
O-O e6 8. Qe1 Bd6 9. f3 Bh5 10.
Qh4 Bg6 11. Bxg6 fxg6 12. Qh3 Qd7 13. Nf4 Bxf4 14. Bxf4 Nf6 15. Re1 Kf7 16. Nd2 e5 17.
dxe5 Qxh3 18. gxh3 Nh5 19. e6+ Kf6 20. Bg3 Nxg3 21. hxg3 Rhe8 22. Nb3 b6 23. Rf1 Rxe6 24. Kf2 Rae8 25. Rfe1 Rxe1 26. Rxe1 Rxe1 27. Kxe1 Ke5 28. Ke2 g5 29. Ke3 g6 30. a4 h5 31. Nc1 d4+ 32. cxd4+ Nxd4 33. Nd3+ Kd5 34. Nb4+ Kc4 35. Na6 Nf5+ 36.
Kf2 Kb3 37. Nc7 Kxb2 38. Nb5 Kb3 39. Nxa7 Kxa4 40. Nc6 b5 41. g4 hxg4 42. hxg4 Nd6 43.
Ne5 Kb3 44. Nxg6 Kc2 45. Ne7 b4 46. Nc6 b3 47. Nd4+ Kc3 48. Nxb3 Kxb3 49. f4 gxf4 50. Kf3 Kc4 51. Kxf4 Kd5 52. Kg5 Ke6 53. Kg6 Ne4 54.
g5 Nxg5 1/2-1/2

[Event "Late-Titled-Tuesday-Blitz-March-12-2024"]
[Site "Chess.com"]
[Date "2024.03.12"]
[Round "3"]
[White "flubs"]
[Black "Alex_Banzea"]
[Result "1/2-1/2"]
[WhiteElo "2487"]
[BlackElo "2654"]
[TimeControl "180+1"]
[EndTime "14:27:37 PDT"]
[Termination "Game drawn by repetition"]

1. c4 Nf6 2. Nc3 g6 3. g3 Bg7 4. Bg2 O-O 5. Nf3 d6 6. O-O e5 7. d3 c6 8. Rb1 a5 9. a3 h6 10.
b4 axb4 11. axb4 Re8 12. Nd2 d5 13. b5 Be6 14. Qc2 Nbd7 15. Bb2 Bf8 16. Ra1 Qc7 17. bxc6 bxc6 18. Rfc1 d4 19. Nce4 Nxe4 20. Nxe4 f5 21. Nd2 Nc5 22. Ba3 Ra7 23. Bxc5 Bxc5 24. Nb3 Rxa1 25. Rxa1 Bb4 26. Ra6 c5 27. Bd5 Qf7 28.
Rxe6 Rxe6 29. Qa2 Kg7 30. Bxe6 Qxe6 31. Qa8 e4 32. Kg2 exd3 33. exd3 Qe2 34. Qb7+ Kg8 35.
Qd5+ Kg7 36. Nxc5 Bxc5 37. Qxc5 Qxd3 38. Qe5+ Kf7 39. Qd5+ Ke7 40. Qe5+ Kf7 41. Qc7+ Kf6 42. Qd6+ Kf7 43. Qd7+ Kf6 44. Qd6+ Kf7 45. Qd7+ Kf6 46. Qd6+ 1/2-1/2

[Event "Late-Titled-Tuesday-Blitz-March-12-2024"]
[Site "Chess.com"]
[Date "2024.03.12"]
[Round "3"]
[White "mitrabhaa"]
[Black "Alphafischer2019"]
[Result "1-0"]
[WhiteElo "2958"]
[BlackElo "2739"]
[TimeControl "180+1"]
[EndTime "14:27:38 PDT"]
[Termination "mitrabhaa won on time"]

1. Nf3 Nf6 2. d4 b6 3. Bg5 Ne4 4.
Bf4 Bb7 5. e3 g6 6. Bd3 Bg7 7. O-O O-O 8. c4 d6 9. Qc2 Nf6 10. Nc3 Nh5 11. Bg5 h6 12. Bh4 Nd7 13. Be4 Bxe4 14. Qxe4 Re8 15. Qc6 Nf8 16. Nb5 Rc8 17.
Nxa7 Ra8 18. Nb5 Rc8 19. a4 Nd7 20. a5 Nb8 21. Qb7 c6 22. Na7 Rc7 23. Qa8 Nd7 24. Qxd8 Rxd8 25. axb6 Nxb6 26. Ra6 Rb8 27. c5 dxc5 28.
dxc5 Nd5 29. Nxc6 Rxb2 30. e4 Ndf6 31. Nxe7+ Rxe7 32. e5 Nd5 33. Bxe7 Nxe7 34. Rc1 Nf4 35. Kf1 Nd3 36. Rc3 Nxe5 37. Nxe5 Bxe5 38. Re3 f6 39. f4 Nd5 40. Rea3 Nxf4 41. g3 Nd5 42.
Ra7 Ne3+ 43. Rxe3 h5 44. Rd3 Rb8 45. Rad7 1-0

[Event "Late-Titled-Tuesday-Blitz-March-12-2024"]
[Site "Chess.com"]
[Date "2024.03.12"]
[Round "3"]
[White "PelinGorki"]
[Black "KNVB"]
[Result "1-0"]
[WhiteElo "2550"]
[BlackElo "2770"]
[TimeControl "180+1"]
[EndTime "14:27:38 PDT"]
[Termination "PelinGorki won on time"]

1. e4 b6 2. Nc3 Bb7 3. Bc4 e6 4. d3 Bb4 5. Qe2 d5 6. exd5 Bxd5 7. Bxd5 Qxd5 8. Nf3 Bxc3+ 9. bxc3 Nf6 10. Bd2 Nc6 11.
O-O O-O 12. c4 Qd6 13. Bc3 Nd7 14. Rfe1 Rfe8 15. Qe4 h6 16. Re2 Rad8 17. Rae1 e5 18. Nh4 Re6 19. Nf5 Qf8 20. Qh4 Rde8 21. Re3 Kh7 22.
Rh3 Rg6 23. Qe4 Nc5 24. Qd5 Ne7 25.
Nxe7 Rxe7 26. g3 Rd6 27. Qf3 f6 28. Qf5+ Kg8 29. Rh4 Qe8 30. Rg4 Kh8 31. Bd2 Ne6 32. Rg6 Nd4 33. Qh5 Rf7 34. Bxh6 Kg8 35. Rxg7+ Rxg7 36. Qxe8+ Kh7 37. Bxg7 Kxg7 38. Qe7+ Kg6 39. Qxc7 Re6 40.
Kg2 Nxc2 41. Re4 f5 42. Rxe5 Rxe5 43. Qxe5 Nb4 44. Qd6+ Kg5 45. Qxb4 f4 46. Qd6 f3+ 47.
Kxf3 1-0

[Event "Late-Titled-Tuesday-Blitz-March-12-2024"]
[Site "Chess.com"]
[Date "2024.03.12"]
[Round "3"]
[White "Machidon"]
[Black "Goryachkina"]
[Result "1-0"]
[WhiteElo "2498"]
[BlackElo "2668"]
[TimeControl "180+1"]
[EndTime "14:27:38 PDT"]
[Termination "Machidon won by resignation"]

1. d4 d5 2. c4 e6 3. Nc3 c5 4. cxd5 cxd4 5. Qa4+ Bd7 6. Qxd4 exd5 7. Nf3 Nc6 8. Qd1 Be6 9. e3 Nf6 10. Be2 Bc5 11.
O-O O-O 12. Nb5 Ne4 13. a3 a6 14. Nbd4 Bg4 15. Nxc6 bxc6 16. b4 Qf6 17. Qc2 Bd6 18. Bb2 Qh6 19. g3 Rac8 20. Nd4 Bh3 21. Bxa6 Bxf1 22. Rxf1 Rc7 23. Nf5 Qg6 24. Nxd6 Qxd6 25. Bd3 Re8 26. Rc1 h6 27. Qe2 Rcc8 28. Qg4 Qg6 29.
Qxg6 fxg6 30. Ba6 Rc7 31. a4 Ree7 32. Bd4 Rf7 33. Rc2 g5 34. h3 h5 35. g4 hxg4 36.
hxg4 Rf3 37. Kg2 Rcf7 38. b5 Rxf2+ 39. Rxf2 Rxf2+ 40. Kg1 cxb5 41. axb5 Ra2 42. Bb7 Nf6 43. Bxf6 Rd2 44. Bd4 Rd1+ 45. Kf2 Rb1 46. Bxd5+ Kf8 47.
b6 1-0

[Event "Late-Titled-Tuesday-Blitz-March-12-2024"]
[Site "Chess.com"]
[Date "2024.03.12"]
[Round "3"]
[White "The_Machine04"]
[Black "SantoBlue"]
[Result "1/2-1/2"]
[WhiteElo "2818"]
[BlackElo "3055"]
[TimeControl "180+1"]
[EndTime "14:27:39 PDT"]
[Termination "Game drawn by repetition"]

1. d4 d6 2. Nf3 Nf6 3. Nbd2 Nbd7 4. e4 e5 5. dxe5 Nxe5 6. Nxe5 dxe5 7. Bc4 Bc5 8. O-O O-O 9. Qe2 c6 10. a4 a5 11. Nb3 Bb6 12. Be3 Bxe3 13. Qxe3 Bg4 14. f3 Bd7 15. Rfd1 b6 16. Rd2 Qc7 17. Rad1 Rad8 18.
Nc1 h6 19. Qc3 b5 20. Bf1 Qb6+ 21. Kh1 Rfe8 22. axb5 cxb5 23. Rd6 Bc6 24. Rxd8 Rxd8 25. Rxd8+ Qxd8 26. Qxc6 Qd1 27. Qxb5 Qxc1 28. c3 a4 29. Qe2 Nd7 30. Qf2 Nc5 31. Qxc5 Qxf1+ 32. Qg1 Qe2 33. Qa1 Kf8 34. h3 Qc2 35. Qa3+ Kg8 36. Qa1 h5 37. Kh2 h4 38. Kh1 g5 39. Kh2 Kg7 40. Qa3 Qf2 41.
Qb4 Qg3+ 42. Kg1 Qe1+ 43. Kh2 Qg3+ 44. Kg1 Qe1+ 45. Kh2 Qg3+ 1/2-1/2